[ AOE2 MATCH · #505277109 ]
UnrankedBohemians vs Koreans
Player's team · LOSS
[ REPLAY ANALYSIS · EXTRACTED FROM THE RECORDED GAME ]
Feudal
10:58
Castle
17:57
Imperial
—
| APM avg | 36.4 |
| APM peak | 78 |
| eAPM avg | 20.9 |
| Villagers / military | 113 / 86 |
Focus
⚔️ 32.1% · 🌾 67.9%
Skirmisher ×66 · Monk ×8 · Mangonel ×7 · Battering Ram ×3 · Militia ×2
Feudal
8:51
Castle
21:21
Imperial
30:28
| APM avg | 55.1 |
| APM peak | 86 |
| eAPM avg | 23.5 |
| Villagers / military | 99 / 74 |
Focus
⚔️ 40.3% · 🌾 59.7%
Archer ×64 · Iron Pagoda ×6 · Bombard Cannon ×2 · Trebuchet (Packed) ×2
Match map
Initial resources + every placement click. Lines = walls · curves = elevation contours. ◆ gold · ⬟ stone · ● berries · ✦ relic · ◌ wall gap
Your base· Open — 5t gap
zankoku sekai no akuma's base· Open — 4t gap
Smoothed initial terrain · ◌ = detected wall gap · hover for details
Inputs per minute
— Mununez - - zankoku sekai no akuma
Build order — Mununez
First 150 of 348 actions detected
| 0:00 | Create | Villager (Male) |
| 0:01 | Create | Villager (Male) |
| 0:02 | Build | House |
| 0:03 | Build | House |
| 0:11 | Create | Villager (Male) |
| 0:11 | Create | Villager (Male) |
| 1:30 | Create | Villager (Male) |
| 2:00 | Build | Lumber Camp |
| 2:01 | Create | Villager (Male) |
| 2:23 | Create | Villager (Male) |
| 2:48 | Create | Villager (Male) |
| 3:10 | Create | Villager (Male) |
| 3:38 | Create | Villager (Male) |
| 3:57 | Build | House |
| 4:02 | Create | Villager (Male) |
| 4:24 | Create | Villager (Male) |
| 4:30 | Build | House |
| 4:39 | Build | Barracks |
| 4:56 | Create | Villager (Male) |
| 4:57 | Create | Villager (Male) |
| 5:32 | Build | House |
| 5:33 | Create | Militia |
| 5:45 | Create | Villager (Male) |
| 6:06 | Create | Militia |
| 6:09 | Build | Mill |
| 6:11 | Build | Palisade Wall |
| 6:16 | Create | Villager (Male) |
| 6:38 | Create | Villager (Male) |
| 6:51 | Build | House |
| 7:02 | Create | Villager (Male) |
| 7:19 | Build | House |
| 7:23 | Build | Palisade Wall |
| 7:24 | Create | Villager (Male) |
| 7:39 | Build | House |
| 7:51 | Create | Villager (Male) |
| 7:58 | Build | Palisade Wall |
| 8:17 | Research | Loom |
| 8:38 | Build | Mill |
| 8:48 | Research | Feudal Age |
| 8:52 | Build | House |
| 9:00 | Build | Palisade Wall |
| 9:02 | Build | Palisade Wall |
| 9:03 | Build | Palisade Wall |
| 9:04 | Build | Palisade Wall |
| 9:05 | Build | Palisade Wall |
| 9:36 | Build | Farm |
| 10:02 | Build | Farm |
| 10:39 | Create | Villager (Male) |
| 10:58 | Age | Feudal Age |
| 11:00 | Build | Archery Range |
| 11:01 | Research | Double-Bit Axe |
| 11:13 | Create | Villager (Male) |
| 11:39 | Create | Villager (Male) |
| 11:42 | Build | Lumber Camp |
| 11:50 | Create | Villager (Male) |
| 12:05 | Create | Villager (Male) |
| 12:07 | Research | Town Watch |
| 12:26 | Create | Villager (Male) |
| 12:49 | Build | Mining Camp |
| 12:54 | Create | Villager (Male) |
| 13:07 | Build | Blacksmith |
| 13:10 | Create | Villager (Male) |
| 13:12 | Build | Farm |
| 13:23 | Build | Farm |
| 13:35 | Build | Farm |
| 13:48 | Create | Villager (Male) |
| 13:53 | Build | Farm |
| 13:59 | Build | Palisade Wall |
| 14:05 | Build | Farm |
| 14:20 | Create | Villager (Male) |
| 14:24 | Build | Farm |
| 14:39 | Build | Farm |
| 14:45 | Create | Villager (Male) |
| 14:48 | Build | Farm |
| 15:17 | Research | Castle Age |
| 15:17 | Research | Castle Age |
| 15:25 | Build | Market |
| 15:46 | Build | Watch Tower |
| 16:26 | Research | Fletching |
| 17:25 | Build | Palisade Wall |
| 17:30 | Build | Farm |
| 17:36 | Create | Villager (Male) |
| 17:39 | Create | Skirmisher |
| 17:57 | Age | Castle Age |
| 18:11 | Build | Town Center |
| 18:13 | Create | Skirmisher |
| 18:15 | Research | Bodkin Arrow |
| 18:20 | Build | Palisade Wall |
| 18:21 | Create | Villager (Male) |
| 18:37 | Create | Villager (Male) |
| 18:38 | Create | Skirmisher |
| 18:51 | Build | House |
| 18:55 | Create | Villager (Male) |
| 19:11 | Create | Villager (Male) |
| 19:22 | Create | Villager (Male) |
| 19:54 | Create | Skirmisher |
| 19:54 | Create | Skirmisher |
| 19:54 | Create | Villager (Male) |
| 20:02 | Create | Villager (Male) |
| 20:03 | Create | Villager (Male) |
| 20:35 | Create | Skirmisher |
| 20:36 | Create | Villager (Male) |
| 20:44 | Research | Horse Collar |
| 20:46 | Research | Padded Archer Armor |
| 20:55 | Build | Farm |
| 20:56 | Build | Farm |
| 20:56 | Create | Villager (Male) |
| 20:58 | Create | Villager (Male) |
| 21:00 | Build | Farm |
| 21:05 | Create | Villager (Male) |
| 21:14 | Create | Villager (Male) |
| 21:19 | Build | Farm |
| 21:20 | Build | Farm |
| 21:24 | Build | House |
| 21:32 | Build | House |
| 21:33 | Create | Villager (Male) |
| 21:44 | Build | Farm |
| 21:45 | Create | Villager (Male) |
| 21:52 | Research | Bow Saw |
| 21:53 | Create | Villager (Male) |
| 22:07 | Create | Villager (Male) |
| 22:14 | Build | Siege Workshop |
| 22:16 | Create | Villager (Male) |
| 22:27 | Build | House |
| 22:39 | Research | Elite Skirmisher (upgrade) |
| 22:53 | Create | Villager (Male) |
| 22:58 | Build | House |
| 23:11 | Create | Mangonel |
| 23:18 | Build | Monastery |
| 23:25 | Create | Villager (Male) |
| 23:31 | Create | Villager (Male) |
| 23:45 | Build | Farm |
| 23:48 | Create | Villager (Male) |
| 23:49 | Create | Villager (Male) |
| 23:54 | Build | House |
| 24:01 | Create | Villager (Male) |
| 24:01 | Create | Villager (Male) |
| 24:09 | Create | Villager (Male) |
| 24:13 | Create | Monk |
| 24:17 | Build | Monastery |
| 24:27 | Create | Villager (Male) |
| 24:36 | Build | Lumber Camp |
| 24:46 | Research | Sanctity |
| 24:49 | Create | Mangonel |
| 24:55 | Build | House |
| 25:09 | Create | Villager (Male) |
| 25:12 | Create | Monk |
| 25:29 | Create | Villager (Male) |
| 25:42 | Build | House |
| 25:49 | Build | House |
Build order — zankoku sekai no akuma
First 150 of 307 actions detected
| 0:00 | Create | Villager (Male) |
| 0:03 | Build | House |
| 0:04 | Build | House |
| 0:07 | Create | Villager (Male) |
| 0:07 | Create | Villager (Male) |
| 0:07 | Create | Villager (Male) |
| 1:29 | Create | Villager (Male) |
| 1:50 | Build | Mill |
| 2:01 | Create | Villager (Male) |
| 2:15 | Create | Villager (Male) |
| 2:49 | Create | Villager (Male) |
| 3:18 | Create | Villager (Male) |
| 3:44 | Create | Villager (Male) |
| 3:49 | Build | House |
| 3:50 | Build | House |
| 4:00 | Create | Villager (Male) |
| 4:04 | Create | Villager (Male) |
| 4:05 | Create | Villager (Male) |
| 4:52 | Create | Villager (Male) |
| 5:40 | Create | Villager (Male) |
| 5:45 | Build | Lumber Camp |
| 5:52 | Research | Loom |
| 6:41 | Research | Feudal Age |
| 7:12 | Build | Mining Camp |
| 7:58 | Build | Barracks |
| 8:13 | Create | Villager (Male) |
| 8:51 | Age | Feudal Age |
| 9:03 | Build | Archery Range |
| 9:07 | Create | Villager (Male) |
| 9:09 | Research | Double-Bit Axe |
| 9:20 | Create | Villager (Male) |
| 9:28 | Build | House |
| 9:34 | Build | House |
| 9:46 | Build | Mining Camp |
| 9:57 | Build | Watch Tower |
| 9:58 | Create | Villager (Male) |
| 9:59 | Create | Archer |
| 10:07 | Build | Palisade Wall |
| 10:08 | Build | Palisade Wall |
| 10:09 | Build | Palisade Wall |
| 10:12 | Create | Villager (Male) |
| 10:18 | Create | Archer |
| 10:37 | Build | House |
| 10:42 | Create | Archer |
| 10:50 | Build | House |
| 10:52 | Create | Villager (Male) |
| 11:00 | Build | Palisade Wall |
| 11:10 | Build | House |
| 11:25 | Create | Villager (Male) |
| 11:29 | Build | House |
| 11:30 | Create | Archer |
| 11:33 | Build | Palisade Wall |
| 11:33 | Build | Palisade Wall |
| 11:34 | Build | Palisade Wall |
| 11:44 | Build | Palisade Wall |
| 11:55 | Create | Villager (Male) |
| 12:05 | Create | Archer |
| 12:07 | Create | Villager (Male) |
| 12:12 | Build | Mill |
| 12:18 | Build | Blacksmith |
| 12:32 | Create | Villager (Male) |
| 12:45 | Build | Farm |
| 12:46 | Build | Farm |
| 12:51 | Build | Watch Tower |
| 12:59 | Create | Villager (Male) |
| 13:02 | Build | House |
| 13:06 | Build | Palisade Wall |
| 13:24 | Build | Farm |
| 13:28 | Create | Villager (Male) |
| 13:30 | Build | Farm |
| 13:46 | Create | Villager (Male) |
| 13:51 | Build | Farm |
| 13:55 | Build | Palisade Wall |
| 14:01 | Build | Palisade Wall |
| 14:11 | Build | Palisade Wall |
| 14:12 | Build | Palisade Wall |
| 14:13 | Build | Palisade Wall |
| 14:17 | Create | Villager (Male) |
| 14:18 | Build | Farm |
| 14:20 | Create | Archer |
| 14:32 | Build | Palisade Wall |
| 14:36 | Build | Palisade Wall |
| 14:42 | Create | Villager (Male) |
| 14:55 | Build | Farm |
| 15:08 | Build | Watch Tower |
| 15:15 | Create | Villager (Male) |
| 15:17 | Build | Farm |
| 15:32 | Create | Villager (Male) |
| 15:42 | Build | Farm |
| 15:49 | Build | Farm |
| 16:00 | Create | Villager (Male) |
| 16:01 | Build | Farm |
| 16:07 | Build | Farm |
| 16:30 | Build | Watch Tower |
| 16:33 | Create | Villager (Male) |
| 16:41 | Build | Watch Tower |
| 16:44 | Build | Watch Tower |
| 16:49 | Build | Farm |
| 16:50 | Create | Villager (Male) |
| 17:04 | Build | House |
| 17:22 | Create | Villager (Male) |
| 17:40 | Create | Villager (Male) |
| 17:58 | Build | Farm |
| 18:35 | Research | Fletching |
| 18:41 | Research | Castle Age |
| 19:03 | Build | Farm |
| 19:03 | Research | Fletching |
| 19:34 | Create | Villager (Male) |
| 19:37 | Build | Lumber Camp |
| 19:54 | Research | Gold Mining |
| 19:57 | Research | Horse Collar |
| 20:16 | Create | Archer |
| 20:17 | Create | Archer |
| 20:26 | Create | Villager (Male) |
| 20:45 | Create | Villager (Male) |
| 21:01 | Create | Archer |
| 21:07 | Create | Villager (Male) |
| 21:21 | Age | Castle Age |
| 21:23 | Build | Siege Workshop |
| 21:23 | Research | Bodkin Arrow |
| 21:30 | Research | Crossbowman (upgrade) |
| 21:47 | Create | Villager (Male) |
| 21:50 | Build | University |
| 22:02 | Create | Iron Pagoda |
| 22:14 | Create | Villager (Male) |
| 22:34 | Build | University |
| 22:35 | Create | Archer |
| 22:36 | Create | Archer |
| 22:44 | Build | Castle |
| 22:45 | Create | Villager (Male) |
| 22:51 | Create | Villager (Male) |
| 23:13 | Build | House |
| 23:13 | Build | Farm |
| 23:17 | Build | House |
| 23:19 | Create | Iron Pagoda |
| 23:23 | Build | House |
| 23:45 | Create | Villager (Male) |
| 23:48 | Build | Farm |
| 23:50 | Research | Bow Saw |
| 23:50 | Research | Bow Saw |
| 24:17 | Build | Mining Camp |
| 24:20 | Build | House |
| 24:22 | Create | Villager (Male) |
| 24:22 | Create | Villager (Male) |
| 24:25 | Create | Villager (Male) |
| 24:54 | Build | Farm |
| 24:55 | Create | Villager (Male) |
| 25:10 | Create | Villager (Male) |
| 25:31 | Build | Farm |
| 25:39 | Build | Market |
Match timeline
| 4:39 | Mununez · first_building Barracks |
| 6:11 | Mununez · wall_segment Palisade Wall x1 |
| 7:23 | Mununez · wall_segment Palisade Wall x7 |
| 7:58 | zankoku sekai no akuma · first_building Barracks |
| 7:58 | Mununez · wall_segment Palisade Wall x4 |
| 8:51 | zankoku sekai no akuma · age_up feudal |
| 9:00 | Mununez · wall_segment Palisade Wall x1 |
| 9:02 | Mununez · wall_segment Palisade Wall x1 |
| 9:03 | Mununez · wall_segment Palisade Wall x1 |
| 9:03 | zankoku sekai no akuma · first_building Archery Range |
| 9:04 | Mununez · wall_segment Palisade Wall x1 |
| 9:05 | Mununez · wall_segment Palisade Wall x1 |
| 10:07 | zankoku sekai no akuma · wall_segment Palisade Wall x1 |
| 10:08 | zankoku sekai no akuma · wall_segment Palisade Wall x1 |
| 10:09 | zankoku sekai no akuma · wall_segment Palisade Wall x1 |
| 10:58 | Mununez · age_up feudal |
| 11:00 | Mununez · first_building Archery Range |
| 11:00 | zankoku sekai no akuma · wall_segment Palisade Wall x3 |
| 11:33 | zankoku sekai no akuma · wall_segment Palisade Wall x1 |
| 11:33 | zankoku sekai no akuma · wall_segment Palisade Wall x1 |
| 11:34 | zankoku sekai no akuma · wall_segment Palisade Wall x1 |
| 11:44 | zankoku sekai no akuma · wall_segment Palisade Wall x7 |
| 13:06 | zankoku sekai no akuma · wall_segment Palisade Wall x7 |
| 13:55 | zankoku sekai no akuma · wall_segment Palisade Wall x3 |
| 13:59 | Mununez · wall_segment Palisade Wall x2 |
| 14:01 | zankoku sekai no akuma · wall_segment Palisade Wall x3 |
| 14:11 | zankoku sekai no akuma · wall_segment Palisade Wall x2 |
| 14:12 | zankoku sekai no akuma · wall_segment Palisade Wall x2 |
| 14:13 | zankoku sekai no akuma · wall_segment Palisade Wall x1 |
| 14:32 | zankoku sekai no akuma · wall_segment Palisade Wall x9 |
| 14:36 | zankoku sekai no akuma · wall_segment Palisade Wall x6 |
| 17:25 | Mununez · wall_segment Palisade Wall x3 |
| 17:57 | Mununez · age_up castle |
| 17:58 | Mununez · first_market_buy 100 stone |
| 18:20 | Mununez · wall_segment Palisade Wall x1 |
| 21:21 | zankoku sekai no akuma · age_up castle |
| 21:23 | zankoku sekai no akuma · first_building Siege Workshop |
| 22:14 | Mununez · first_building Siege Workshop |
| 22:44 | zankoku sekai no akuma · first_building Castle |
| 23:18 | Mununez · first_building Monastery |
| 25:18 | Mununez · first_market_sell 500 wood |
| 26:33 | zankoku sekai no akuma · first_market_buy 100 food |
| 27:17 | zankoku sekai no akuma · first_market_sell 100 wood |
| 28:14 | zankoku sekai no akuma · wall_segment Palisade Wall x1 |
| 28:53 | zankoku sekai no akuma · first_building Monastery |
| 30:28 | zankoku sekai no akuma · age_up imperial |
| 40:21 | Mununez · resign |
[ AI ANALYSIS · 1 CREDIT ]
What really happened in this match?
Wolo.gg analyzes every decision: build order, eco, micro, common mistakes by bracket. Personalized analysis on WhatsApp or Discord in 30 seconds.
Civ guide
Bohemians
Perfil
Jugador #3444509